 Dungeon Crawl Stone Soup version 0.30-a0-949-g53dc5368d7 (webtiles) character file.

Game seed: 8071469232184718182

104 mopl the Digger (level 4, -4/33 HPs)
             Began as a Draconian Earth Elementalist on Mar 27, 2023.
             Killed by divine providence
             ... invoked by an orc priest
              (16 damage)
             ... on level 4 of the Dungeon.
             The game lasted 00:02:17 (1914 turns).

mopl the Digger (Draconian Earth Elementalist)      Turns: 1914, Time: 00:02:17

Health: -4/33      AC:  5    Str: 10    XL:     4   Next: 52%
Magic:  7/8        EV: 12    Int: 18    God:
Gold:   188        SH:  0    Dex: 11    Spells: 8/9 levels left

rFire   . . .      SeeInvis .    i - +0 dagger
rCold   . . .      Faith    .    (no shield)
rNeg    . . .      Spirit   .    (body armour unavailable)
rPois   .          Reflect  .    (helmet restricted)
rElec   .          Rampage  .    (no cloak)
rCorr   .                        (no gloves)
Will    .....                    (no boots)
Stlth   ++                       (no amulet)
HPRegen 0.25/turn                (no ring)
MPRegen 0.11/turn                (no ring)

@: no status effects
A: AC +5, unfitting armour, cold-blooded
a: no special abilities


You were on level 4 of the Dungeon.
You visited 1 branch of the dungeon, and saw 4 of its levels.

You collected 188 gold pieces.

Inventory:

Hand Weapons
 i - a +0 dagger (weapon)
Jewellery
 m - an amulet of regeneration
Scrolls
 b - 3 scrolls of identify {unknown}
 e - a scroll of immolation {unknown}
 j - a scroll of poison {unknown}
 o - a scroll of torment {unknown}
 p - a scroll of silence {unknown}
 q - a scroll of magic mapping {unknown}
Potions
 a - 3 potions of magic
 c - a potion of degeneration {unknown}
 d - a potion of attraction {unknown}
 f - 5 potions of cancellation {unknown}
 g - a potion of haste {unknown}
 h - a potion of curing {unknown}
 k - 4 potions of mutation {unknown}
 l - a potion of invisibility {unknown}
 n - a potion of berserk rage {unknown}


   Skills:
 - Level 1.7 Dodging
 + Level 3.0 Stealth
 + Level 3.0 Spellcasting
 - Level 1.0 Transmutations
 + Level 3.9 Earth Magic


You had 8 spell levels left.
You knew the following spells:

 Your Spells              Type           Power      Damage    Failure   Level
a - Sandblast             Erth           32%        2d9       3%          1

Your spell library contained the following spells:

 Spells                   Type           Power      Damage    Failure   Level
 Passwall                 Tmut/Erth      9%         N/A       9%          2
 Apportation              Tloc           4%         N/A       16%         1
 Necrotise                Necr           8%         1d4       16%         1
 Summon Small Mammal      Summ           8%         N/A       16%         1
 Stone Arrow              Conj/Erth      18%        3d8       22%         3
 Lesser Beckoning         Tloc           4%         N/A       24%         2
 Gell's Gravitas          Tloc           2%         N/A       43%         3
 Teleport Other           Tloc           2%         N/A       43%         3
 Petrify                  Tmut/Erth      11%        N/A       52%         4


Dungeon Overview and Level Annotations

Branches:
Dungeon (4/15)
 Temple: D:4-7

Altars:
Makhleb
Ru


Innate Abilities, Weirdness & Mutations

Your plain brown scales are hard. (AC +5)
You cannot fit into any form of body armour.
You are cold-blooded and may be slowed by cold attacks.


Message History

You climb downwards.
There is a stone staircase leading up here.
Found a falchion.
A ball python comes into view.
Found a stone staircase leading down and a stone staircase leading up.
You see here a +0 falchion.
A ball python is nearby!
The blast of sand hits the ball python!
You kill the ball python!
You can't see any susceptible monsters within range! (Use Z to cast anyway.) No target in view!
You can't see any susceptible monsters within range! (Use Z to cast anyway.) Magic restored.
An orc priest comes into view. It is wielding a +0 club.
Found a bubbling emerald potion.
The orc priest shouts!
You hear a shout!
An orc priest comes into view. It is wielding a +0 mace.
You hear a shout!
You hear a shout!
You hear an angry hiss.
An orc comes into view. It is wielding a +0 short sword.
The blast of sand hits the orc priest!
The orc priest is heavily wounded.
The orc priest invokes the aid of Beogh against you.
Beogh smites you!
A kobold comes into view.
It is wielding a +0 whip and quivering poisoned darts.
An orc comes into view. It is wielding a +0 dagger.
The orc priest invokes the aid of Beogh against you.
You barely resist.
An orc comes into view. It is wielding a +0 flail.
You hear a shout!
The orc priest calls down the wrath of Beogh upon you.
Beogh smites you!
An ogre comes into view. It is wielding a +0 giant club.
The orc priest calls upon Beogh to heal the orc priest.
The orc priest is healed somewhat.
You hear a shout!
The orc priest miscasts a cantrip.
The orc priest calls down the wrath of Beogh upon you.
Beogh smites you!
You die...

########...#######
....#####........# #..
#...............## #...
...###....).......##....
######..##..>....
##..#.#..... ##...#..##
##......#...
######.#@.......
#.........#####.
#.##.o#...# #o####.#
#.####.# #......#
#oK.##### #.o.## #.O##


You could see an orc priest and an orc.

Vanquished Creatures
  2 adders (D:2)
  A worm (D:2)
  3 dart slugs
  8 ball pythons
  14 endoplasms
  2 giant cockroaches
  7 goblins
  5 hobgoblins
  2 jackals (D:1)
  9 kobolds
  A quokka (D:2)
  5 bats
  3 frilled lizards
  3 rats
65 creatures vanquished.

Notes
Turn   | Place    | Note
-------+----------+-------------------------------------------
     0 | D:1      | mopl the Draconian Earth Elementalist began the quest for
                  | the Orb.
     0 | D:1      | Reached XP level 1. HP: 14/14 MP: 3/3
    38 | D:1      | Reached skill level 2 in Stealth
    83 | D:1      | Reached XP level 2. HP: 18/20 MP: 0/5
   383 | D:1      | Reached XP level 3. HP: 26/26 MP: 1/6
   489 | D:1      | You fall into a shaft and drop 1 floor!
   650 | D:2      | Found a sacrificial altar of Ru.
   775 | D:1      | Reached XP level 4. HP: 33/33 MP: 6/8
  1471 | D:3      | Reached skill level 3 in Stealth
  1471 | D:3      | Reached skill level 3 in Spellcasting
  1554 | D:3      | Found a burning altar of Makhleb.
  1909 | D:4      | Noticed an ogre
  1914 | D:4      | Killed from afar by an orc priest

Illustrated notes

Levels and vault maps discovered:
D:1:      onia_arrival_handbag, layout_basic, kennysheep_flooded_box,
          minmay_misc_feat_cross, minmay_3d_cube
D:2:      layout_basic, basic_altar, moated_statue, grunt_ministairs_9,
          minmay_tetromino_s2
D:3:      layout_loops_ring, lightli_temple_of_fire
D:4:      layout_rooms

Skill      XL: |  1  2  3  4 |
---------------+-------------+-----
Stealth        | 2 3 |  3.0
Spellcasting   | 3 |  3.0
Dodging        | |  1.7
Transmutations | |  1.0
Earth Magic    | |  3.9

Action                     |  1- 3 |  4- 6 || total
---------------------------+-------+-------++-------
  Melee: Unarmed           |    16 |       ||    16
         Tailslap          |     3 |     1 ||     4
         Dagger            |    10 |     1 ||    11
   Cast: Sandblast         |    50 |    29 ||    79
 Armour: Skin              |     9 |     5 ||    14
  Dodge: Dodged            |    27 |     1 ||    28

Table legend: (Time is in decaauts)
 A = Elapsed time spent in this place.
 B = Non-inter-level travel time spent in this place.
 C = Inter-level travel time spent in this place.
 D = Time resting spent in this place.
 E = Time spent auto-exploring this place.
 F = Levels seen in this place.
 G = Mean time per level.
                   A        B        C        D        E       F      G
               +--------+--------+--------+--------+--------+-----+--------+
         Total |   1953 |   1913 |     40 |      0 |   1524 |   4 |  488.2 |
       Dungeon |   1953 |   1913 |     40 |      0 |   1524 |   4 |  488.2 |
               +--------+--------+--------+--------+--------+-----+--------+

Top non-repeatable levels by time:
     D:2: 665 daAuts
     D:3: 627 daAuts
     D:1: 627 daAuts
     D:4: 32 daAuts
